Map: Echo LE (Void)

Players

puCK (Nina)

  • Race: Protoss Protoss
  • League: Master
  • Spawn Location: 5:00

NoRegreT - Winner!

  • Race: Zerg Zerg
  • Spawn Location: 11:00

Event: NationWars IV

VOD

Have the link to the VOD?

Description

Time

  • Played on: Jan. 7, 2017, 12:04 p.m.
  • Length: 6:05
Show
View Real Time Build Order
Export as new Build Order

puCK Protoss 

Build Orders:  

Get SALT Encoding   

  12  0:01  Probe (Chrono Boost)  
  13  0:11  Probe (Chrono Boost)  
  14  0:21  Pylon  
  14  0:23  Probe (Chrono Boost)  
  15  0:39  Probe (Chrono Boost)  
  16  0:50  Probe (Chrono Boost)  
  18  1:06  Nexus  
  17  1:12  Gateway  
  17  1:21  Gateway  
  17  1:24  Probe (Chrono Boost)  
  18  1:29  Assimilator  
  18  1:35  Probe (Chrono Boost)  
  18  1:38  Assimilator  
  19  1:55  Pylon  
  19  2:02  Zealot  
  19  2:05  Zealot  
  19  2:07  Cybernetics Core  
  24  2:15  Probe (Chrono Boost)  
  24  2:21  Probe (Chrono Boost)  
  25  2:27  Probe (Chrono Boost)  
  25  2:28  Zealot  
  26  2:33  Zealot  
  30  2:45  Probe (Chrono Boost)  
  30  2:47  Probe (Chrono Boost)  
  31  2:53  Pylon  
  35  3:09  Probe (Chrono Boost)  
  35  3:17  Stargate  
  34  3:27  Sentry  
  34  3:30  Gateway  
  34  3:34  Pylon  
  36  3:42  Mothership Core (Chrono Boost)  
  36  3:43  Probe (Chrono Boost)  
  35  3:58  Probe (Chrono Boost)  
  31  4:05  Oracle  
  31  4:09  Gateway  
  32  4:13  Pylon  
  32  4:23  Pylon  
  32  4:28  Zealot  
  32  4:31  Pylon  
  31  4:35  Pylon  
  31  4:37  Pylon  
  33  4:45  Pylon  
  33  4:52  Oracle  
  36  5:02  Pylon  
  30  5:23  Oracle  
Show
View Real Time Build Order
Export as new Build Order

NoRegreT Zerg - Winner!

Build Orders: Hatch First 

Get SALT Encoding   

  12  0:00  Drone  
  13  0:08  Drone  
  14  0:22  Extractor  
  14  0:23  Drone  
  14  0:24  Extractor, Drone  
  16  0:31  Overlord  
  16  0:51  Hatchery  
  16  0:52  Drone  
  16  0:56  Drone  
  17  1:06  Extractor  
  16  1:12  Spawning Pool  
  16  1:15  Drone  
  16  1:19  Drone  
  16  1:22  Drone  
  18  1:30  Drone  
  19  2:02  Queen  
  19  2:03  Zergling x2  
  19  2:08  Spine Crawler x2  
  20  2:10  Spine Crawler  
  20  2:13  Zergling x2  
  20  2:17  Zergling x2  
  21  2:25  Zergling x2  
  21  2:28  Zergling x4  
  24  2:35  Metabolic Boost  
  24  2:38  Zergling x2  
  23  2:50  Queen  
  25  2:51  Zergling x2  
  25  2:54  Zergling x2  
  27  3:00  Overlord  
  27  3:22  Zergling x4  
  27  3:24  Zergling x4  
  27  3:25  Zergling x2  
  27  3:26  Zergling x4  
  32  3:27  Zergling x2  
  32  3:33  Zergling x2  
  34  3:37  Zergling x2  
  35  3:49  Zergling x2  
  35  3:51  Zergling x2  
  35  3:56  Zergling x2  
  35  3:58  Zergling x2  
  34  4:08  Zergling x2  
  32  4:14  Zergling x2  
  32  4:15  Zergling x6  
  35  4:17  Zergling x2  
  35  4:37  Queen  
  36  4:45  Zergling x2  
  36  4:46  Overlord  
  36  4:57  Spore Crawler  
  36  4:59  Queen  
  36  5:02  Zergling x2  
  36  5:05  Zergling x2  
  33  5:07  Zergling x6  
  25  5:24  Zergling x2  
  25  5:41  Drone  
Tags
 
Add a new tag
Caveats
  • Supply blocks, unpowered buildings, or Contaminate may cause inaccurate times.
  • Supply counts are checked every 10 seconds.